 Dungeon Crawl Stone Soup version 0.20.0-15-g7f486f2 (webtiles) character file.

60 Malak the Sneak (level 4, -10/29 HPs)
             Began as an Octopode Assassin on June 12, 2017.
             Was an Initiate of Dithmenos.
             Mangled by Dumah's ghost (12 damage)
             ... on level 3 of the Dungeon.
             The game lasted 00:08:44 (1689 turns).

Malak the Sneak (Octopode Assassin)                 Turns: 1689, Time: 00:08:44

Health: -10/29     AC:  1    Str: 10    XL:     4   Next: 6%
Magic:  4/4        EV: 13    Int: 13    God:    Dithmenos [......]
Gold:   122        SH:  0    Dex: 14    Spells: 3/3 levels left

rFire    . . .     SeeInvis .   a - +2 dagger
rCold    . . .     Gourm    .   (no shield)
rNeg     . . .     Faith    .   (helmet restricted)
rPois    .         Spirit   .   (no amulet)
rElec    .         Reflect  .   (no ring)
rCorr    .         Harm     .   (no ring)
MR       .....                  (no ring)
Stlth    ++++......             (no ring)
Regen    0.1/turn               (no ring)
MPRegen  0.1/turn               (no ring)
                                (no ring)
                                (no ring)

@: no status effects
A: almost no armour, stealthy swim, amphibious, 8 rings, constrict 8, camouflage
1, gelatinous body 1
a: Renounce Religion


You were on level 3 of the Dungeon.
You worshipped Dithmenos.
Dithmenos was noncommittal.
You were not hungry.

You visited 1 branch of the dungeon, and saw 3 of its levels.

You collected 122 gold pieces.

Inventory:

Hand Weapons
 a - a +2 dagger (weapon)
 b - a +0 blowgun
Missiles
 c - 8 poisoned needles
 d - 2 curare-tipped needles
Scrolls
 h - 6 scrolls of identify {unknown}
 i - a scroll of teleportation {unknown}
 m - a scroll of magic mapping {unknown}
 o - a scroll of remove curse {unknown}
 p - a scroll of enchant weapon {unknown}
Potions
 e - a potion of heal wounds {unknown}
 j - 2 potions of flight {unknown}
 k - a potion of might {unknown}
 l - a potion of lignification {unknown}
 n - 2 potions of magic {unknown}
Comestibles
 f - 3 bread rations
 g - 2 chunks of flesh


   Skills:
 - Level 2.0 Fighting
 + Level 2.6 Short Blades
 - Level 2.0 Throwing
 - Level 1.0 Dodging
 - Level 7.0 Stealth


You had 3 spell levels left.
You didn't know any spells.

Dungeon Overview and Level Annotations

Branches:
Dungeon (3/15)

Altars:
Dithmenos

Annotations:
D:3 Dumah's ghost, amateur DrSk


Innate Abilities, Weirdness & Mutations

You cannot wear most types of armour.
You are very stealthy in the water. (Stealth+)
You are amphibious.
You can wear up to eight rings at the same time.
You can use your tentacles to constrict eight enemies at once.
Your skin changes colour to match your surroundings (Stealth+).
Your rubbery body absorbs attacks. (AC +1, EV +1)


Message History

Dumah's ghost (amateur Draconian Skald) comes into view.
Found 11 gold pieces.
You hit Dumah's ghost.
Dumah's ghost is lightly damaged.
Dumah's ghost hits you!
You hit Dumah's ghost.
Dumah's ghost is lightly damaged.
You hit Dumah's ghost but do no damage.
Dumah's ghost is lightly damaged.
Dumah's ghost hits you.
You hit Dumah's ghost. You squeeze Dumah's ghost.
Dumah's ghost is moderately damaged.
Dumah's ghost whispers, "Death is liberation."
Dumah's ghost hits you!
* * * LOW HITPOINT WARNING * * *
You are too injured to fight recklessly!
You hit Dumah's ghost but do no damage.
Dumah's ghost is moderately damaged.
Dumah's ghost hits you!
You die...

..# #.. ###..######
......... ####......
......$.#
#..#..#####
#.....@W..#
#.....###.#
####...........
#............##
#.##.#...#.....
#....#...#.#.##
########..#...#.#..#
#.........###.#.# .#
#.#####.........


You could see Dumah's ghost.

Vanquished Creatures
  2 adders
  2 worms (D:2)
  A leopard gecko (D:2)
  3 bats (D:1)
  2 giant cockroaches (D:2)
  3 goblins
  8 hobgoblins
  2 jackals (D:1)
  2 quokkas
  3 frilled lizards (D:2)
  2 kobolds
  4 rats
34 creatures vanquished.

Notes
Turn   | Place    | Note
-------+----------+-------------------------------------------
     0 | D:1      | Malak the Octopode Assassin began the quest for the Orb.
     0 | D:1      | Reached XP level 1. HP: 14/14 MP: 1/1
   247 | D:1      | Reached XP level 2. HP: 19/19 MP: 2/2
   271 | D:1      | Reached skill level 6 in Stealth
   832 | D:2      | Reached XP level 3. HP: 24/24 MP: 3/3
   968 | D:2      | Reached skill level 7 in Stealth
  1265 | D:2      | Found a shadowy altar of Dithmenos.
  1291 | D:2      | Became a worshipper of Dithmenos the Shadowed
  1668 | D:3      | Reached XP level 4. HP: 26/29 MP: 4/4
  1677 | D:3      | Noticed Dumah's ghost (amateur DrSk)
  1689 | D:3      | Mangled by Dumah's ghost

Skill      XL: |  1  2  3 |
---------------+----------+-----
Stealth        | 6 7 |  7.0
Fighting       | |  2.0
Short Blades   | |  2.6
Throwing       | |  2.0
Dodging        | |  1.0

Action                   |  1- 3 |  4- 6 || total
-------------------------+-------+-------++-------
Melee: Dagger            |    66 |     5 ||    71
       Constrict         |    16 |       ||    16
       Tentacles         |     5 |     1 ||     6
 Stab: Sleeping          |    13 |       ||    13
  Eat: Chunk             |     2 |       ||     2
Armor: Skin              |     2 |       ||     2
Dodge: Dodged            |    32 |       ||    32
